 Dungeon Crawl Stone Soup version 0.31-a0-506-g3d79149578 (webtiles) character file.

Game seed: 15944705634291145184

314 GordonOverkill the Sneak (level 6, -4/42 HPs)
             Began as an Octopode Delver on Aug 9, 2023.
             Slain by a gnoll
             ... wielding a +0 spear
              (11 damage)
             ... on level 2 of the Dungeon.
             The game lasted 00:06:36 (2704 turns).

GordonOverkill the Sneak (Octopode Delver)          Turns: 2704, Time: 00:06:36

Health: -4/42      AC:  1    Str: 11    XL:     6   Next: 43%
Magic:  10/10      EV: 13    Int: 14    God:
Gold:   206        SH:  5    Dex: 14    Spells: 11/11 levels left

rFire   . . .        q - +0 short sword (venom)
rCold   . . .        (no shield)
rNeg    . . .        (helmet restricted)
rPois   .            l - amulet of reflection
rElec   .            (no ring)
rCorr   .            (no ring)
SInv    .            (no ring)
Will    .....        (no ring)
Stlth   ++++         (no ring)
HPRegen 0.27/turn    (no ring)
MPRegen 0.12/turn    (no ring)
                     (no ring)

%: reflection
@: no status effects
A: almost no armour, amphibious, 8 rings, camouflage 1, gelatinous body 1,
(nimble swimmer 1), tentacles
a: no special abilities


You were on level 2 of the Dungeon.
You visited 1 branch of the dungeon, and saw 7 of its levels.

You collected 206 gold pieces.

Inventory:

Hand Weapons
 q - a +0 short sword of venom (weapon)
Magical Staves
 k - a staff of poison
Jewellery
 l - an amulet of reflection (around mantle)
Talismans
 g - a flux talisman
Wands
 f - a wand of digging (3)
 j - a wand of roots (3)
Scrolls
 b - a scroll of fog
 c - 2 scrolls of revelation
 d - a scroll of fear
 h - a scroll of enchant weapon {unknown}
 i - 2 scrolls of teleportation {unknown}
 m - 2 scrolls of identify {unknown}
 n - a scroll of amnesia {unknown}
 p - a scroll of poison {unknown}
Potions
 a - a potion of might {unknown}
 e - a potion of haste
 o - a potion of enlightenment


   Skills:
 - Level 3.0 Fighting
 - Level 2.0 Short Blades
 - Level 2.0 Dodging
 - Level 6.6 Stealth
 + Level 3.1 Spellcasting
 - Level 1.9 Hexes
 - Level 1.9 Summonings
 + Level 2.4 Necromancy
 + Level 2.5 Earth Magic


You had 11 spell levels left.
You didn't know any spells.
Your spell library contained the following spells:

 Spells                   Type           Power      Damage    Failure   Level
 Cigotuvi's Dreadful Rot  Necr/Pois/Air  8%         N/A       22%         2
 Wereblood                Tmut           2%         N/A       32%         2
 Ignite Poison            Fire/Tmut/Pois 2%         N/A       54%         3
 Animate Dead             Necr           9%         N/A       61%         4
 Summon Ice Beast         Ice/Summ       4%         N/A       80%         4
 Borgnjor's Vile Clutch   Necr/Erth      4%         N/A       91%         5
 Summon Mana Viper        Hex/Summ       7%         N/A       95%         5
 Freezing Cloud           Conj/Ice/Air   1%         6-21      99%         5
 Irradiate                Conj/Tmut      1%         3d12      99%         5
 Death Channel            Necr           4%         N/A       100%        6
 Monstrous Menagerie      Summ           3%         N/A       100%        7


Dungeon Overview and Level Annotations

Branches:
Dungeon (7/15)             Temple (0/1) D:7

Altars:
Hepliaklqana

Annotations:
D:6 exclusion: downstairs


Innate Abilities, Weirdness & Mutations

You cannot wear most types of armour.
You are amphibious.
You can wear up to eight rings at the same time.
Your skin changes colour to match your surroundings (Stealth+).
Your rubbery body absorbs attacks. (AC +1, EV +1)
((You are camouflaged when in or above water. (Stealth+)))
You have tentacles for arms and can constrict up to eight enemies at once.


Message History

You see here a +0 club.
You hit the gnoll but do no damage.
The gnoll is poisoned.
You grab the gnoll.
The gnoll is severely wounded.
You constrict the gnoll. The gnoll closely misses you.
You hit the gnoll.
You kill the gnoll!
The gnoll closely misses you. You block the gnoll's attack.
Things that are here:
a +0 spear; a gnoll corpse You hit the gnoll.
Your grab misses the gnoll.
The gnoll is lightly wounded.
The gnoll hits you with a +0 club.
* * * LOW HITPOINT WARNING * * *
You block the gnoll's attack.
You hit the gnoll.
The gnoll is poisoned.
Your grab misses the gnoll.
The gnoll is lightly wounded.
The gnoll hits you with a +0 club.
* * * LOW HITPOINT WARNING * * *
You block the gnoll's attack.
You see here a +0 club.
You hit the gnoll. You grab the gnoll.
The gnoll is heavily wounded.
You constrict the gnoll. The gnoll misses you. You block the gnoll's attack.
You release your grip on the gnoll.
The gnoll attacks as you move away! The gnoll hits you with a +0 club.
* * * LOW HITPOINT WARNING * * *
The gnoll attacks as you move away! The gnoll hits you with a +0 club.
* * * LOW HITPOINT WARNING * * *
The gnoll attacks as you move away! The gnoll hits you with a +0 club.
* * * LOW HITPOINT WARNING * * *
You kill the gnoll!
You see here 4 stones.
The gnoll hits you with a +0 spear!
* * * LOW HITPOINT WARNING * * *
You closely miss the gnoll. Your grab misses the gnoll.
The gnoll hits you with a +0 spear.
* * * LOW HITPOINT WARNING * * *
You hit the gnoll but do no damage.
The gnoll is poisoned.
Your grab misses the gnoll. The gnoll hits you with a +0 spear!
You die...

(..#+##..............#### #.#...
...#....................# #.#...
...+....................# #.#...
...#....................####.#...
...#.............#'#.............
...#....#........#.#<....<...#...
...+.............################
...#....#........#...#...#.#...#.
.>......+.......@(#..#..#...#..#.
#.#.....#.......g..#.#.#.....#.#.
#.#.....#...........###.......###
#'#+#............................
......#.#...#####........###.....
......#.+...'...#.......#.#.#....
......###...###.#......#..#..#...
..............#.#.....#...#...#.#
.....###....#.#.#....############


You could see a gnoll (very poisoned).

Vanquished Creatures
  A scorpion (D:5)
  A hound (D:6)
  2 orc priests (D:5)
  A sleepcap (D:6)
  An iguana (D:5)
  An orc wizard (D:5)
  3 gnolls (D:2)
  2 adders
  An ufetubus (D:5)
  2 dart slugs (D:1)
  3 orcs
  5 endoplasms
  5 goblins
  A hobgoblin (D:1)
  4 jackals (D:1)
  A quokka (D:5)
  2 frilled lizards (D:1)
  2 kobolds (D:1)
  2 rats
40 creatures vanquished.

Notes
Turn   | Place    | Note
-------+----------+-------------------------------------------
     0 | D:5      | GordonOverkill the Octopode Delver began the quest for the
                  | Orb.
     0 | D:5      | Reached XP level 1. HP: 16/16 MP: 1/1
   258 | D:6      | Reached XP level 2. HP: 21/21 MP: 1/3
   296 | D:7      | Noticed an orc warrior
   296 | D:7      | Found a staircase to the Ecumenical Temple.
   345 | D:6      | Noticed an electric eel
   349 | D:6      | Noticed a phantom
   444 | D:6      | Reached skill level 1 in Spellcasting
   444 | D:6      | Reached skill level 1 in Hexes
   444 | D:6      | Reached skill level 1 in Summonings
   444 | D:6      | Reached XP level 3. HP: 22/26 MP: 3/5
   509 | D:6      | Noticed an orc warrior
   592 | D:6      | Reached XP level 4. HP: 20/31 MP: 6/6
   656 | D:7      | Noticed a kobold brigand
   658 | D:7      | Noticed a phantom
   683 | D:6      | Noticed an ogre
   791 | D:5      | Reached skill level 1 in Necromancy
   791 | D:5      | Reached skill level 1 in Earth Magic
   791 | D:5      | Reached XP level 5. HP: 17/36 MP: 8/8
   870 | D:5      | Found a hazy altar of Hepliaklqana.
   974 | D:5      | Paralysed by an orc wizard for 3 turns
   979 | D:5      | Reached XP level 6. HP: 8/42 MP: 8/10
  2458 | D:2      | Found a faded altar of an unknown god.
  2704 | D:2      | Slain by a gnoll

Illustrated notes

Levels and vault maps discovered:
D:1:      grunt_arrival_lava_bath, layout_loops_ring
D:2:      layout_basic, hellmonk_ecumenical_altar_inner_sanctum,
          hangedman_decor_diamond_cutter
D:3:      layout_rooms, amcnicky_mini_pool_small, minmay_goblin_kobold_house
D:4:      layout_gridville
D:5:      layout_gridville, nzn_hepliaklqana_mist_gate, uniq_edmund
D:6:      kennysheep_six_static_rooms, layout_loops_ring, serial_park_tiny_2,
          chequers_big_river, kennysheep_small_spiral, minmay_ruined_shrine
D:7:      layout_cave_pools, minmay_temple_entry_proselytizer,
          dreamdust_wishing_well

Skill      XL: |  1  2  3  4  5  6 |
---------------+-------------------+-----
Spellcasting   | 1 2 3 |  3.1
Hexes          | 1 |  1.9
Summonings     | 1 |  1.9
Necromancy     | 1 2 |  2.4
Earth Magic    | 1 2 |  2.5
Fighting       | |  3.0
Short Blades   | |  2.0
Dodging        | |  2.0
Stealth        | |  6.6

Action                     |  1- 3 |  4- 6 || total
---------------------------+-------+-------++-------
  Melee: Short sword       |    27 |    67 ||    94
         Constrict         |     5 |    16 ||    21
         Punch             |     2 |       ||     2
         Tentacles         |     2 |    18 ||    20
  Evoke: Wand              |       |     6 ||     6
    Use: Potion            |       |     1 ||     1
   Stab: Sleeping          |     2 |    12 ||    14
 Armour: Skin              |       |     3 ||     3
  Dodge: Dodged            |    12 |    23 ||    35
  Block: Other             |       |    15 ||    15

Table legend: (Time is in decaauts)
 A = Elapsed time spent in this place.
 B = Non-inter-level travel time spent in this place.
 C = Inter-level travel time spent in this place.
 D = Time resting spent in this place.
 E = Time spent auto-exploring this place.
 F = Levels seen in this place.
 G = Mean time per level.
                   A        B        C        D        E       F      G
               +--------+--------+--------+--------+--------+-----+--------+
         Total |   2694 |   2604 |     90 |    579 |   1076 |   7 |  384.9 |
       Dungeon |   2694 |   2604 |     90 |    579 |   1076 |   7 |  384.9 |
               +--------+--------+--------+--------+--------+-----+--------+

Top non-repeatable levels by time:
     D:1: 761 daAuts
     D:2: 742 daAuts
     D:5: 705 daAuts
     D:6: 440 daAuts
     D:4: 24 daAuts
     D:7: 14 daAuts
     D:3: 6 daAuts
